AoeStats
← tree3

Black Forest

490945618Analyzed
2v2 RM · 3mo ago on Jul 8, 2026· 42m 5s· 4 players
Game mode
Random Map
Map size
Medium (4 player)
Population
200
Speed
Normal
Resources
Standard
Victory
Conquest
Starting age
Dark Age
Ending age
Imperial Age
RankedLock teamsTeams togetherTeam positionsShared explorationLock speedFull tech treeHidden civsTurbo modeCheats
Victory
Defeat
🇯🇴 Turks · Jordan
1386
+15
🇯🇴 Burgundians · Jordan
1354
+17
🇳🇴 Saracens · Norway
1379
-16
🇳🇴 Celts · Norway
1369
-16
tree3
0:55 Loom
12:02 Feudal Age
11:25 Double-Bit Axe
11:21 Horse Collar
14:02 Bow Saw
17:14 Castle Age
17:55 Heavy Plow
18:33 Wheelbarrow
18:47 Gold Mining
22:15 Hand Cart
22:31 Town Watch
25:07 Padded Archer Armor
26:05 Leather Archer Armor
26:55 Two-Man Saw
26:35 Crop Rotation
31:20 Imperial Age
33:15 Chemistry
E.man
0:59 Loom
11:24 Feudal Age
13:05 Double-Bit Axe
13:01 Horse Collar
15:44 Castle Age
14:57 Town Watch
15:50 Wheelbarrow
16:39 Bow Saw
16:45 Heavy Plow
17:30 Wheelbarrow
21:17 Hand Cart
28:47 Imperial Age
26:19 Town Patrol
27:27 Gold Mining
27:28 Stone Mining
28:03 Padded Archer Armor
29:53 Leather Archer Armor
30:47 Artillery
31:08 Conscription
31:36 Elite Janissary
34:10 Ring Archer Armor
39:56 Caravan
Basse
3:10 Loom
12:51 Feudal Age
16:34 Castle Age
15:24 Double-Bit Axe
18:25 Bow Saw
18:55 Fishing Lines
22:38 Wheelbarrow
21:45 Horse Collar
24:15 Gillnets
29:36 Imperial Age
27:44 Pikeman
28:25 Scale Mail Armor
28:35 Forging
28:57 Caravan
29:51 Onager
33:33 Siege Engineers
34:28 Chemistry
33:49 Ballistics
33:02 Halberdier
34:24 Chain Mail Armor
34:45 Iron Casting
34:22 Gold Mining
34:22 Stone Mining
36:02 Plate Mail Armor
35:56 Arson
38:15 Siege Onager
41:13 Elite Skirmisher
41:44 Fletching
41:56 Padded Archer Armor
Horagalles
1:08 Loom
12:19 Feudal Age
13:24 Double-Bit Axe
16:07 Castle Age
17:21 Bow Saw
20:43 Horse Collar
24:35 Fishing Lines
25:33 Wheelbarrow
26:18 Gold Mining
26:19 Stone Mining
26:30 Heavy Plow
27:14 Gillnets
28:05 Hand Cart
27:35 Town Watch
28:28 Gold Shaft Mining
28:10 Treadmill Crane
31:02 Imperial Age
30:04 Town Patrol
31:01 Fletching
31:11 Padded Archer Armor
31:33 Ballistics
30:49 Crossbowman
31:34 Thumb Ring
33:04 Chemistry
31:37 Arbalester
32:12 Bodkin Arrow
34:15 Conscription
34:30 Bracer
34:46 Leather Archer Armor
35:35 Elite Skirmisher
36:47 Ring Archer Armor
38:03 Light Cavalry
39:01 Bloodlines
38:57 Scale Barding Armor
38:47 Hussar
40:23 Chain Barding Armor
40:15 Forging
Connection lost

Rejoining the realm…

Still unreachable

The connection could not be restored.

Session expired

The server has moved on; the page needs a fresh start.